Frizzbo, neutral female gnomish Wizard ---- ---..--- |......----- | |........|.---..| --.--Gh........- -----s........| --..<...--- -...|...| ...---.|h- ....- | . ..... - -....... --.|... -----. -- Frizzbo the Conjurer Experience level: 5 Strength: 7 Dexterity: 10 Constitution: 13 Intelligence: 15 Wisdom: 17 Charisma: 12 Health: 0(35) Energy: 67(67) Def: 6 Gold: 0 Moves: 2224 Dungeon seed: VqNJhYAm94vTmWJb Game ID: Frizzbo_1467040382 Your Inventory: Weapons a - a blessed +1 quarterstaff (alternate weapon; not wielded) f - an uncursed +2 aklys (weapon in hand) B - an uncursed +0 dagger Armor e - an uncursed +0 cloak of magic resistance (being worn) n - an uncursed +2 orcish helm (being worn) C - an uncursed +0 leather armor (being worn) Comestibles g - 3 uncursed tripe rations Scrolls k - an uncursed scroll of scare monster Rings E - an uncursed ring of searching Tools w - an uncursed magic whistle H - an uncursed oilskin sack Contents of the oilskin sack: 199 gold pieces a cursed -4 alchemy smock an uncursed tripe ration an uncursed scroll of blank paper 2 uncursed scrolls of destroy armor 2 uncursed scrolls of identify 2 uncursed scrolls of remove curse an uncursed scroll of teleportation a blessed spellbook of force bolt an uncursed spellbook of sleep an uncursed potion of levitation an uncursed potion of monster detection an uncursed wand of enlightenment (0:12) an uncursed wand of enlightenment (0:10) an uncursed wand of nothing (0:7) an uncursed wand of speed monster (0:5) an uncursed magic harp (0:5) an uncursed chrysoberyl stone 2 uncursed citrine stones 2 uncursed worthless pieces of blue glass 4 uncursed worthless pieces of green glass 2 uncursed worthless pieces of violet glass 2 uncursed worthless pieces of white glass an uncursed worthless piece of yellowish brown glass Spells and supernatural/magical abilities: Name Level Category Fail Memory a - force bolt 1 attack 3% 89% z - sleep 1 enchantment 3% 89% W - pray for help -- divine ? -- Your skills at the end: Miscellaneous Skills wands [Basic] Weapon Skills club [Basic] quarterstaff [Basic] crossbow [Basic] Spellcasting Skills attack spells [Basic] enchantment spells [Basic] Final Attributes: You were devoutly aligned. You were magic-protected. You had infravision. You were fast. You are dead. Vanquished creatures: 2 fog clouds a little dog a kitten a dwarf an iguana 3 rabid rats a dwarf zombie a wererat a hobbit 4 geckos 2 cave spiders a brown mold 3 yellow molds a gnome 2 garter snakes 8 manes a gnome zombie 5 jackals 4 kobolds 3 newts 3 goblins 3 sewer rats a grid bug 3 lichens a kobold zombie 57 creatures vanquished. Voluntary challenges: You did not adorn yourself with jewelry or accessories. You had been an atheist until turn 2177. You used a wielded weapon 61 times, starting on turn 36. You did not apply a unicorn horn. You read items or engraved 3 times, starting on turn 836. You never genocided any monsters. You never polymorphed an object. You never changed form. You used no wishes. You never split a pudding. You never wrote Elbereth's name. You never violated your personal moral code. Dungeon overview: The Dungeons of Doom: levels 1 to 4 Level 1 a fountain a long staircase Level 2 a fountain Level 3 a fountain Level 4 stairs to The Gnomish Mines The Gnomish Mines: levels 5 to 7 Level 5 stairs to The Dungeons of Doom Level 6 Level 7 <- You were here History has recorded: On T:1 you entered the Dungeons of Doom to retrieve the Amulet of Yendor! On T:195 you advanced to experience level 2. On T:488 you advanced to experience level 3. On T:614 you reached level 2 of The Dungeons of Doom. On T:846 you reached level 3 of The Dungeons of Doom. On T:1161 you reached level 4 of The Dungeons of Doom. On T:1347 you reached level 1 of The Gnomish Mines. On T:1492 you advanced to experience level 4. On T:1595 you reached level 2 of The Gnomish Mines. On T:2115 you advanced to experience level 5. On T:2203 you reached level 3 of The Gnomish Mines. Score breakdown: Gold: 199 ( 19 points) Experience: 5 levels ( 400 points) Exploration: 7 levels ( 180 points) Discoveries: 5 items ( 250 points) Variety of kills: 25 monsters ( 1250 points) Major goal: (nothing yet) ( 0 points) Survival: died (score multiplied by 3) Total score: 6297 Latest messages: The kobold punches you! You kill the kobold! You kill the rabid rat! You fall down the stairs. You hit the fog cloud. You hear a distant squeak. The fog cloud bumps right into you! You hit the fog cloud. You hear a distant squeak. You hit the fog cloud. You destroy the fog cloud! You stop exploring. The giant spider bites! You miss the giant spider. The giant spider bites! You miss the giant spider. The giant spider bites! (3x) You hit the giant spider. The hobbit hurls a magenta potion! The flagon crashes on your head and breaks into shards. This burns! The giant spider bites! You miss the giant spider. The hobbit wields a dagger! The giant spider bites! You die... Final status: Goodbye Frizzbo the Wizard, killed by a giant spider... You died in The Gnomish Mines on dungeon level 7 with 6297 points, and 199 pieces of gold, after 2224 moves. You were level 5 with a maximum of 35 hit points when you died.